 Dungeon Crawl Stone Soup version 0.19-a0-1895-g783e625 (webtiles) character file.

25 Alarkh the Grave Robber (level 2, 17/17 HPs)
             Began as a Mummy Necromancer on Oct 18, 2016.
             Was a Follower of Trog.
             Quit the game on level 2 of the Dungeon.
             The game lasted 00:01:15 (797 turns).

Alarkh the Grave Robber (Mummy Necromancer)          Turns: 797, Time: 00:01:16

Health: 17/17      AC:  4    Str: 11    XL:     2   Next: 86%
Magic:  5/5        EV: 12    Int: 14    God:    Trog [*.....]
Gold:   88         SH:  0    Dex: 12    Spells: 1 memorised, 5 levels left

rFire  x . .     SeeInvis .     (no weapon)
rCold  + . .     Gourm    .     a - +0 robe
rNeg   + + +     Faith    .     (no shield)
rPois  ∞         Spirit   .     i - +0 helmet
rElec  .         Reflect  .     g - +0 cloak
rCorr  .         Harm     .     (no gloves)
MR     .....                    (no boots)
Stlth  ++........               d - amulet of magic regeneration
                                (no ring)
                                (no ring)

@: no status effects
A: no food or potions, fire vulnerability, reduced essence, cold resistance 1,
negative energy resistance 3, torment resistance, unbreathing
a: Burn Spellbooks, Renounce Religion


You were on level 2 of the Dungeon.
You worshipped Trog.
Trog was aware of your devotion.
You were not hungry.

You visited 1 branch of the dungeon, and saw 2 of its levels.

You collected 88 gold pieces.

Inventory:

Armour
 a - a +0 robe (worn)
 g - a +0 cloak (worn)
 i - a +0 helmet (worn)
Jewellery
 d - an amulet of magic regeneration (around neck)
Scrolls
 c - a scroll of random uselessness {unknown}
 e - a scroll of immolation {unknown}
 f - a scroll of teleportation {unknown}
 h - a scroll of noise {unknown}
Books
 b - a book of Necromancy

   Spells                             Type                      Level
   a - Pain                           Necromancy                   1
   b - Animate Skeleton               Necromancy                   1
   c - Vampiric Draining              Necromancy                   3
   d - Regeneration                   Charms/Necromancy            3
   e - Animate Dead                   Necromancy                   4
   f - Control Undead                 Necromancy                   4
   Trog disapproves of the use of such an item.


   Skills:
 - Level 1.5 Dodging
 - Level 1.5 Stealth
 - Level 2.6 Spellcasting
 - Level 4.4 Necromancy


You had 5 spell levels left.
You knew the following spells:

 Your Spells              Type           Power        Failure   Level  Hunger
a - Pain                  Necr           ##..         3%          1    N/A

Dungeon Overview and Level Annotations

Branches:
Dungeon (2/15)

Altars:
Dithmenos
Hepliaklqana
Ru
Trog
Lugonu


Innate Abilities, Weirdness & Mutations

You do not eat or drink.
Your flesh is vulnerable to fire.
You are immune to poison.
Your flesh is cold resistant. (rC+)
You are immune to negative energy. (rN+++)
You are immune to unholy pain and torment.
You can survive without breathing.
Your life essence is reduced. (-10% HP)


Message History

Hepliaklqana welcomes you!
Hepliaklqana forms a fragment of your life essence into the memory of your ancestor, Takurtum!
You can now recall your ancestor.
You can now remember your ancestor's identity.
Press: ? - help, v - describe, . - travel
Here: Takurtum the ancestor (friendly)
The floor.
Remember Takurtum's name as what?
Takurtum
Okay, then.
Was Takurtum a) male, b) female, or c) neither? (Currently female.)
Okay, then.
There is a faded altar of an unknown god here.
You cannot tell which god this altar belongs to.
Convert to them anyway?
Trog accepts your prayer!
You have lost your religion!
Hepliaklqana does not appreciate desertion!
Takurtum returns to the mists of memory.
Trog welcomes you!
You can now call upon Trog to burn spellbooks in your surroundings.
Are you sure you want to abandon this character and quit the game? (Confirm with "yes".)

### #_# ##.##
##...## #..#..#
#.###.# ##
#.###.##
#.####.#_@..##
## #..'..#...._#
#.###.##.#_...##
#.#.###.###[##
#)## #.###.# #.#
#..#..# #.#
##...## #.#
##.## #.# #_#


There were no monsters in sight!

Vanquished Creatures
  A leopard gecko (D:2)
  A ball python (D:1)
  A giant cockroach (D:1)
  3 goblins
  3 hobgoblins (D:1)
  3 jackals (D:1)
  4 bats (D:1)
  2 frilled lizards (D:1)
  A kobold (D:1)
  4 rats (D:1)
23 creatures vanquished.

Notes
Turn   | Place    | Note
-------+----------+-------------------------------------------
     0 | D:1      | Alarkh the Mummy Necromancer began the quest for the Orb.
     0 | D:1      | Reached XP level 1. HP: 13/13 MP: 3/3
    59 | D:1      | Reached XP level 2. HP: 16/19 MP: 1/5
   756 | D:2      | Found a faded altar of an unknown god.
   756 | D:2      | Found a faded altar of an unknown god.
   761 | D:2      | Found a shadowy altar of Dithmenos.
   763 | D:2      | Found a faded altar of an unknown god.
   764 | D:2      | Found a faded altar of an unknown god.
   775 | D:2      | Became a worshipper of Lugonu the Unformed
   775 | D:2      | Reached * piety under Lugonu
   775 | D:2      | Reached ** piety under Lugonu
   782 | D:2      | Fell from the grace of Lugonu
   782 | D:2      | Became a worshipper of Ru the Awakened
   784 | D:2      | Fell from the grace of Ru
   784 | D:2      | Became a worshipper of Hepliaklqana the Forgotten
   784 | D:2      | Reached * piety under Hepliaklqana
   791 | D:2      | Fell from the grace of Hepliaklqana
   791 | D:2      | Became a worshipper of Trog the Wrathful
   791 | D:2      | Reached * piety under Trog
   797 | D:2      | Quit the game

Vault maps used:
D:1:      minmay_arrival_radiant_lines
D:2:      chequers_temple_overflow_minitemple, uniq_terence

Action                   || total
-------------------------++-------
Melee: Unarmed           ||     8
 Cast: Pain              ||    34
Invok: Ancestor Identity ||     1
Armor: Robe              ||     3
Dodge: Dodged            ||    18
